 Dungeon Crawl Stone Soup version 0.21-a0-104-g7b58145 (webtiles) character file.

7422 hairmachine the Frost Mage (level 11, -7/90 HPs)
             Began as a Barachi Ice Elementalist on July 5, 2017.
             Was a Believer of Kikubaaqudgha.
             Mangled by a death yak (25 damage)
             ... on level 10 of the Dungeon on July 6, 2017.
             The game lasted 01:15:34 (17849 turns).

hairmachine the Frost Mage (BaIE)                  Turns: 17849, Time: 01:15:36

Health: -7/90      AC:  7    Str:  9    XL:     11   Next: 15%
Magic:  3/20       EV: 13    Int: 19    God:    Kikubaaqudgha [**....]
Gold:   251        SH:  0    Dex: 15    Spells: 2/22 levels left

rFire    + . .     SeeInvis .   q - +2 whip (elec)
rCold    . . .     Gourm    .   (no shield)
rNeg     . . .     Faith    .   R - +0 ring mail
rPois    +         Spirit   .   F - +1 hat
rElec    .         Reflect  .   (no cloak)
rCorr    .         Harm     .   (no gloves)
MR       .....                  (no boots)
Stlth    +.........             (no amulet)
HPRegen  0.25/turn              B - ring of protection from fire
MPRegen  0.17/turn              M - ring of poison resistance

@: can't hop, slow
A: +LOS, swims, talons 1, agile 1, slowness 1, strong legs 1
a: Hop, Receive Corpses, Renounce Religion


You were on level 10 of the Dungeon.
You worshipped Kikubaaqudgha.
Kikubaaqudgha was pleased with you.
You were hungry.

You visited 2 branches of the dungeon, and saw 11 of its levels.

You collected 531 gold pieces.
You spent 280 gold pieces at shops.

Inventory:

Hand Weapons
 k - a +0 spear
 q - a +2 whip of electrocution (weapon)
Missiles
 g - 312 stones (quivered)
 j - 4 throwing nets
Armour
 a - a +1 robe
 F - a +1 hat (worn)
 R - a +0 ring mail (worn)
Jewellery
 z - an uncursed amulet of magic regeneration {unknown}
 B - a ring of protection from fire (left hand)
 J - an uncursed amulet of guardian spirit {unknown}
 M - a ring of poison resistance (right hand)
 P - an uncursed ring of stealth {unknown}
Wands
 w - a wand of lightning (6/15)
 x - a wand of random effects (19/48)
 G - a wand of iceblast (0/15)
 K - a wand of digging (6/24)
Scrolls
 i - 2 scrolls of teleportation
 n - 4 scrolls of remove curse
 p - a scroll of magic mapping {unknown}
 u - a scroll of recharging {unknown}
 v - 2 scrolls of enchant armour
 y - a scroll of silence {unknown}
 H - a scroll of noise {unknown}
 I - 2 scrolls of amnesia
 N - 2 scrolls of identify
Potions
 d - 2 potions of brilliance {unknown}
 e - 3 potions of heal wounds
 f - 2 potions of agility
 l - 3 potions of mutation
 m - 2 potions of flight
 r - 3 potions of cancellation {unknown}
 s - 2 potions of curing {unknown}
 t - 2 potions of lignification {unknown}
 A - a potion of ambrosia {unknown}
 C - a potion of magic {unknown}
 D - a potion of haste
 L - a potion of might
Books
 b - a book of Frost

   Spells                             Type                      Level
   a - Freeze                         Ice                          1
   b - Throw Frost                    Conjuration/Ice              2
   c - Ozocubu's Armour               Charms/Ice                   3
   d - Throw Icicle                   Conjuration/Ice              4
   e - Summon Ice Beast               Ice/Summoning                4
 h - Kikubaaqudgha's Almanac of Darkness
   (Kikubaaqudgha gifted it to you on level 9 of the Dungeon)

   Spells                             Type                      Level
   a - Pain                           Necromancy                   1
   b - Corpse Rot                     Necromancy                   2
   c - Sublimation of Blood           Necromancy                   2
   d - Regeneration                   Charms/Necromancy            3
   e - Control Undead                 Necromancy                   4
Comestibles
 c - 4 bread rations
 o - 11 meat rations
 E - 3 chunks of flesh
 O - 12 fruits
 Q - 4 royal jellies


   Skills:
 - Level 10.1 Fighting
 + Level 0.0 Maces & Flails
 + Level 4.8 Armour
 - Level 5.4 Dodging
 - Level 1.7 Stealth
 - Level 6.2 Spellcasting
 - Level 6.0 Conjurations
 - Level 4.0 Summonings
 + Level 4.3 Necromancy
 - Level 10.7 Ice Magic


You had 2 spell levels left.
You knew the following spells:

 Your Spells              Type           Power        Failure   Level  Hunger
a - Freeze                Ice            ####         1%          1    None
b - Throw Frost           Conj/Ice       #####.       1%          2    None
c - Summon Ice Beast      Ice/Summ       ####....     13%         4    ####...
d - Throw Icicle          Conj/Ice       #####...     9%          4    ####...
e - Regeneration          Chrm/Necr      ##........   34%         3    ##.....
f - Corpse Rot            Necr           N/A          7%          2    None
g - Control Undead        Necr           ###.......   43%         4    ####...


Dungeon Overview and Level Annotations

Branches:
Dungeon (10/15)            Temple (1/1) D:6             Orc (0/2) D:9
   Lair: D:8-11

Altars:
Ashenzari
Cheibriados
Dithmenos
Elyvilon
Fedhas
Gozag
Hepliaklqana
Kikubaaqudgha
Makhleb
Nemelex Xobeh
Okawaru
Qazlal
Ru
Sif Muna
Trog
Uskayaw
Vehumet
Wu Jian
Xom
Yredelemnul
Zin
The Shining One

Shops:
D:5 %   D:6 }   D:7 (   D:8 =[[   D:10 *

Annotations:
D:3 TotoDurand's ghost, amateur NaFE
D:7 exclusion: downstairs
D:8 2 transporters


Innate Abilities, Weirdness & Mutations

Shadows flee at your approach. (+LOS)
You can swim through water.
You cover ground slowly.
You can hop short distances.
You have sharp toenails.
You are agile. (Dex +2)


Message History

The death yak gores your ice beast but does no damage.
Your ice beast hits the death yak.
Your ice beast freezes the death yak!
The porcupine bites you!
* * * LOW HITPOINT WARNING * * *
Your ice beast hits the death yak but does no damage.
The death yak snorts and paws the ground.
The death yak gores you.
* * * LOW HITPOINT WARNING * * *
Evoke which item? (* to show all) (? for menu, Esc to quit)
Aiming: Dig (will waste charges)
Press: ? - help, Shift-Dir - straight line The rock shatters into small pieces.
Evoking this partially-identified wand wasted a few charges.
The porcupine misses you.
The death yak gores your ice beast but does no damage.
Your ice beast hits the death yak.
Your ice beast freezes the death yak.
Your ice beast hits the death yak but does no damage.
The death yak gores you!!
You die...
Kikubaaqudgha rasps: "You have failed me!
Welcome... death!"

#. #.# ##### #.# .....
#.# ...... #.# ####..
#.# §§§§#.. #.#
...§#..######.#########
.∩.F#...§YYY@.........#
..§#..#Y###Yr........#
..§# ##.##........$.#
.# ##Y#..........#
##..†........#
##<........%#
#).........#
###...###### ...#.#


You could see 3 death yaks, a porcupine and 2 friendly ice beasts.

Vanquished Creatures
  A hydra (D:9)
  A two-headed ogre (D:8)
  Grinder (D:6)
  2 slime creatures (D:9)
  A hippogriff (D:9)
  2 yaks (D:9)
  Duvessa (D:6)
  An ice beast (D:9)
  4 sky beasts
  A phantom (D:8)
  4 big kobolds
  6 bullfrogs
  A wyvern zombie (D:7)
  2 scorpions (D:8)
  3 howler monkeys (D:7)
  A bullfrog zombie (D:5)
  2 centaur zombies
  5 crimson imps
  A hound (D:5)
  2 jellies
  A quasit (D:7)
  4 orc priests
  2 bullfrog skeletons (D:4)
  6 orc wizards
  An iguana (D:9)
  8 worker ants
  A hound skeleton (D:7)
  A worker ant zombie (D:8)
  6 gnolls
  13 adders
  3 oozes
  3 worms
  4 dart slugs
  4 leopard geckos
  28 orcs
  8 giant cockroaches
  11 hobgoblins
  8 jackals
  13 kobolds
  5 quokkas
  A ball python (D:3)
  7 bats
  5 frilled lizards
  6 goblins
  2 jackal skeletons
  2 leopard gecko skeletons
  A leopard gecko zombie (D:5)
  12 rats
208 creatures vanquished.

Vanquished Creatures (collateral kills)
  2 two-headed ogres (D:8)
  4 slime creatures
  2 dream sheep (D:9)
  A hornet (D:9)
  A hippogriff (D:9)
  Sigmund (D:6)
  2 hungry ghosts (D:8)
  7 orc warriors
  A black bear (D:9)
  An eye of draining (D:9)
  2 ogres
  A centaur (D:8)
  A bullfrog (D:9)
  Dowan (D:6)
  2 scorpions
  3 crimson imps
  A quasit (D:6)
  2 hounds (D:8)
  An orc priest (D:6)
  5 orc wizards
  A centaur zombie (D:8)
  5 gnolls
  A howler monkey skeleton (D:5)
  2 worms (D:4)
  A leopard gecko (D:7)
  19 orcs
  A leopard gecko skeleton (D:9)
71 creatures vanquished.

Grand Total: 279 creatures vanquished

Notes
Turn   | Place    | Note
-------+----------+-------------------------------------------
     0 | D:1      | hairmachine the Barachi Ice Elementalist began the quest for the Orb.
     0 | D:1      | Reached XP level 1. HP: 13/13 MP: 3/3
   470 | D:1      | Reached XP level 2. HP: 19/19 MP: 3/5
   662 | D:1      | Learned a level 2 spell: Throw Frost
   998 | D:1      | Reached skill level 5 in Ice Magic
   998 | D:1      | Reached XP level 3. HP: 17/24 MP: 1/6
  1264 | D:1      | Found a sparkling altar of Nemelex Xobeh.
  1875 | D:2      | Reached XP level 4. HP: 28/30 MP: 4/7
  1938 | D:2      | Learned a level 4 spell: Summon Ice Beast
  2093 | D:2      | Reached skill level 1 in Summonings
  2953 | D:3      | Noticed TotoDurand's ghost (amateur NaFE)
  3186 | D:3      | Reached XP level 5. HP: 35/35 MP: 4/8
  4872 | D:4      | Reached XP level 6. HP: 41/41 MP: 6/10
  5357 | D:4      | Learned a level 4 spell: Throw Icicle
  5802 | D:4      | Reached skill level 1 in Fighting
  6556 | D:5      | Entered Level 5 of the Dungeon
  6660 | D:5      | Found Izxaclat's Food Shoppe.
  6704 | D:5      | Reached XP level 7. HP: 44/50 MP: 6/11
  8330 | D:6      | Found a shimmering altar of Xom.
  8332 | D:6      | Found a shimmering altar of Xom.
  8332 | D:6      | Found a shimmering altar of Xom.
  8333 | D:6      | Found a shimmering altar of Xom.
  8334 | D:6      | Found a shimmering altar of Xom.
  8596 | D:6      | Noticed Sigmund
  8827 | D:6      | Reached XP level 8. HP: 19/60 MP: 4/12
  9285 | D:6      | Noticed Dowan
  9437 | D:7      | Reached skill level 5 in Fighting
 10117 | D:7      | Found Wiv Ovub's Antique Weapon Shoppe.
 10173 | D:7      | Reached skill level 5 in Conjurations
 11070 | D:6      | Noticed Grinder
 11070 | D:6      | Noticed Duvessa
 11072 | D:6      | Killed Dowan
 11100 | D:6      | Killed Duvessa
 11105 | D:6      | Reached XP level 9. HP: 54/70 MP: 1/13
 11119 | D:6      | Killed Grinder
 11370 | D:6      | Found Qubb's Gadget Shoppe.
 11386 | D:6      | Found a staircase to the Ecumenical Temple.
 11406 | Temple   | Entered the Ecumenical Temple
 11558 | Temple   | Became a worshipper of Kikubaaqudgha
 12022 | D:6      | Killed Sigmund
 12179 | D:6      | Gained mutation: You tend to lose your temper in combat. [mutagenic meat]
 12180 | D:6      | Gained mutation: You have a pair of small horns on your head. [mutagenic meat]
 12181 | D:6      | Gained mutation: You are occasionally teleported next to monsters. [mutagenic meat]
 12182 | D:6      | Gained mutation: Your mind is acute. (Int +2) [mutagenic meat]
 12183 | D:6      | Gained mutation: Your body sometimes deteriorates upon taking damage. [mutagenic meat]
 12184 | D:6      | Gained mutation: You are frail. (-10% HP) [mutagenic meat]
 12188 | D:6      | Lost mutation: You tend to lose your temper in combat. [potion of mutation]
 12188 | D:6      | Lost mutation: Your mind is acute. (Int +2) [potion of mutation]
 12188 | D:6      | Lost mutation: You have a pair of small horns on your head. [potion of mutation]
 12188 | D:6      | Lost mutation: You are frail. (-10% HP) [potion of mutation]
 12188 | D:6      | Lost mutation: Your body sometimes deteriorates upon taking damage. [potion of mutation]
 12188 | D:6      | Lost mutation: You are occasionally teleported next to monsters. [potion of mutation]
 12188 | D:6      | Gained mutation: You are agile. (Dex +2) [potion of mutation]
 12188 | D:6      | Gained mutation: You have sharp toenails. [potion of mutation]
 12750 | D:8      | Noticed a kobold demonologist
 12750 | D:8      | Noticed an orc high priest
 12753 | D:8      | Found a transporter.
 12755 | D:8      | Noticed a kobold demonologist
 12984 | D:8      | Noticed a two-headed ogre
 13149 | D:8      | Found Lual's Armour Emporium.
 13257 | D:8      | Found Firghyqeorph's Armour Shoppe.
 13284 | D:8      | Found a transporter.
 13328 | D:8      | Killed a two-headed ogre
 13328 | D:8      | Reached skill level 10 in Ice Magic
 13599 | D:8      | Found Quus's Jewellery Shop.
 13628 | D:8      | Bought an uncursed ring of poison resistance for 280 gold pieces
 13663 | D:8      | Found a shadowy altar of Dithmenos.
 14041 | D:8      | Found a shimmering altar of Xom.
 14041 | D:8      | Found a white marble altar of Elyvilon.
 14042 | D:8      | Found a glowing silver altar of Zin.
 14130 | D:8      | Noticed a two-headed ogre
 14145 | D:8      | Killed a two-headed ogre
 14145 | D:8      | Reached skill level 5 in Dodging
 14145 | D:8      | Reached XP level 10. HP: 82/82 MP: 2/14
 14816 | D:9      | Noticed a two-headed ogre
 14923 | D:8      | Killed a two-headed ogre
 15314 | D:9      | Reached * piety under Kikubaaqudgha
 15314 | D:9      | Identified Kikubaaqudgha's Almanac of Darkness (Kikubaaqudgha gifted it to you on level 9 of the Dungeon)
 15314 | D:9      | Received a gift from Kikubaaqudgha
 15432 | D:9      | Learned a level 3 spell: Regeneration
 15439 | D:9      | Found a staircase to the Orcish Mines.
 15795 | D:9      | Reached skill level 1 in Necromancy
 15799 | D:9      | Learned a level 2 spell: Corpse Rot
 16151 | D:9      | Reached skill level 5 in Spellcasting
 16607 | D:8      | Reached skill level 10 in Fighting
 16910 | D:9      | Reached skill level 1 in Armour
 17098 | D:9      | Noticed a two-headed hydra
 17114 | D:9      | Killed a two-headed hydra
 17114 | D:9      | Reached XP level 11. HP: 62/90 MP: 4/20
 17123 | D:9      | Reached ** piety under Kikubaaqudgha
 17276 | D:9      | Learned a level 4 spell: Control Undead
 17321 | D:9      | Found a bloodstained altar of Trog.
 17805 | D:10     | Entered Level 10 of the Dungeon
 17824 | D:10     | Noticed a death yak
 17826 | D:10     | Noticed a death yak
 17833 | D:10     | Noticed a death yak
 17842 | D:10     | Found Onleeko's Changing Room.
 17849 | D:10     | Mangled by a death yak

Vault maps used:
D:1:      dpeg_arrival_snail, nemelex_diamond_rough_becter
D:2:      minmay_pentomino_p4
D:3:      minmay_misc_feat_diagonals, grunt_ministairs_11
D:5:      serial_shops, shop, first_bread, kennysheep_generic_room_7
D:6:      minmay_temple_entry_glassed_door, serial_shops,
          nicolae_shop_behind_doors, xom_redecorated, uniq_grinder,
          uniq_duvessa, uniq_sigmund
D:7:      serial_shops, shop
D:8:      gammafunk_wand_slinger, grunt_temple_overflow_cloverleaf,
          serial_shops, shop_fountains, shop, kennysheep_little_box,
          supply_closet_lemuel
D:9:      david_orc_2, hangedman_ranch, bloody_trog
D:10:     dpeg_lair_monsters, special_room, nicolae_transmutations_shop
Temple:   dpeg_five_rooms_temple

Skill      XL: |  1  2  3  4  5  6  7  8  9 10 11 |
---------------+----------------------------------+-----
Ice Magic      | 4 5 6 7 9 10 | 10.7
Summonings     | 1 3 4 |  4.0
Spellcasting   | 3 6 |  6.2
Fighting       | 2 4 6 8 10 | 10.1
Conjurations   | 2 3 5 6 |  6.0
Dodging        | 5 |  5.4
Necromancy     | 3 4 |  4.3
Armour         | 3 4 |  4.8
Stealth        | |  1.7

Action                   |  1- 3 |  4- 6 |  7- 9 | 10-12 || total
-------------------------+-------+-------+-------+-------++-------
Melee: Short sword       |    13 |    63 |       |       ||    76
       Whip              |       |    45 |   145 |   116 ||   306
       Spear             |       |     5 |       |       ||     5
       Kick              |       |       |     3 |    32 ||    35
Throw: Stone             |    12 |     7 |     5 |     1 ||    25
 Cast: Freeze            |    35 |    75 |    55 |    30 ||   195
       Throw Frost       |    13 |    32 |    21 |     3 ||    69
       Summon Ice Beast  |       |     4 |    36 |    38 ||    78
       Throw Icicle      |       |       |    27 |    11 ||    38
 Abil: Hop               |     3 |     3 |     4 |     5 ||    15
Evoke: Wand              |       |       |     4 |     4 ||     8
  Use: Scroll            |       |     3 |     7 |       ||    10
       Potion            |       |       |     3 |     1 ||     4
 Stab: Sleeping          |     1 |     3 |     1 |       ||     5
       Distracted        |       |       |     3 |     1 ||     4
  Eat: Chunk             |     5 |    18 |    37 |    15 ||    75
       Royal jelly       |       |       |     3 |       ||     3
       Fruit             |       |       |     3 |     1 ||     4
       Bread ration      |       |       |       |     1 ||     1
Armor: Robe              |     5 |    15 |    49 |    24 ||    93
       Ring mail         |       |       |       |     7 ||     7
Dodge: Dodged            |    20 |   119 |   168 |   104 ||   411
